 Dungeon Crawl Stone Soup version 0.27-a0-1230-gfc7c993222 (webtiles) character file.

Game seed: 15529250204853743191

72 Feb132020 the Digger (level 4, -2/25 HPs)
             Began as a Gargoyle Earth Elementalist on June 8, 2021.
             Was a Believer of Nemelex Xobeh.
             Slain by a goblin
             ... wielding a +0 dagger
             ... led by Robin
              (3 damage)
             ... on level 2 of the Dungeon.
             The game lasted 00:06:20 (2564 turns).

Feb132020 the Digger (Gargoyle Earth Elementalist)  Turns: 2564, Time: 00:06:20

Health: -2/25      AC:  5    Str: 12    XL:     4   Next: 25%
Magic:  7/7        EV: 12    Int: 16    God:    Nemelex Xobeh [**....]
Gold:   76         SH:  0    Dex: 16    Spells: 1/7 levels left

rFire    . . .     SeeInvis .   h - +0 flail
rCold    + . .     Faith    .   (no shield)
rNeg     + . .     Spirit   .   c - +0 robe
rPois    ∞         Reflect  .   (no helmet)
rElec    +         Harm     .   (no cloak)
rCorr    .         Rampage  .   (no gloves)
Will     .....                  (no boots)
Stlth    ++........             (no amulet)
HPRegen  0.08/turn              g - +6 ring of dexterity
MPRegen  0.10/turn              i - ring of protection from cold

@: flying
A: sickness immunity, AC +3, negative energy resistance 1, electricity
resistance, torment resistance 1, petrification resistance
a: Renounce Religion, Draw Escape, Draw Destruction, Draw Summoning


You were on level 2 of the Dungeon.
You worshipped Nemelex Xobeh.
Nemelex Xobeh was pleased with you.
You visited 1 branch of the dungeon, and saw 2 of its levels.

You collected 76 gold pieces.

Inventory:

Hand Weapons
 a - a +0 club
 h - a +0 flail (weapon)
Missiles
 b - 23 stones
Armour
 c - a +0 robe (worn)
Jewellery
 g - a +6 ring of dexterity (left hand)
 i - a ring of protection from cold (right hand)
 n - a ring of resist corrosion
Scrolls
 d - a scroll of noise {unknown}
 e - a scroll of enchant weapon {unknown}
 k - a scroll of magic mapping {unknown}
 l - a scroll of teleportation {unknown}
Potions
 j - a potion of magic {unknown}
 m - a potion of attraction {unknown}
 o - 2 potions of might {unknown}


   Skills:
 + Level 1.0 Fighting
 + Level 1.0 Maces & Flails
 + Level 2.0 Dodging
 + Level 2.5 Stealth
 + Level 2.3 Spellcasting
 * Level 1.2 Conjurations
 + Level 0.7 Transmutations
 + Level 4.4 Earth Magic


You had one spell level left.
You knew the following spells:

 Your Spells              Type           Power      Damage    Failure   Level
a - Sandblast             Erth           32%        2d9       3%          1
b - Stone Arrow           Conj/Erth      20%        3d8       19%         3
p - Passwall              Tmut/Erth      8%         N/A       11%         2

Your spell library contained the following spells:

 Spells                   Type           Power      Damage    Failure   Level
 Petrify                  Tmut/Erth      10%        N/A       56%         4
 Lee's Rapid Deconstruct  Erth           8%         3d8*      65%         5


Dungeon Overview and Level Annotations

Branches:
Dungeon (2/15)

Altars:
Nemelex Xobeh

Annotations:
D:2 Robin


Innate Abilities, Weirdness & Mutations

You are immune to sickness and miasma.
Your stone body is resilient. (AC +3)
You are immune to poison.
You resist negative energy. (rN+)
You are resistant to electric shocks. (rElec)
You are resistant to unholy torment.
You are immune to petrification.


Message History

The goblin is heavily wounded.
The goblin misses you.
Robin roars a battlecry!
The goblins go into a battle-frenzy!
The goblin hits you with a +0 club.
A goblin comes into view. It is wielding a +0 dagger.
You hear a shout!
You barely miss the goblin.
The goblin is heavily wounded.
The goblin closely misses you.
You hit the goblin.
You kill the goblin!
A goblin comes into view. It is wielding a +0 club.
Your Maces & Flails skill increases to level 1!
You sock the hobgoblin!
You kill the hobgoblin!
Robin flexes a bicep menacingly.
Robin throws the goblin at you! The goblin completely misses you.
You sock the goblin!
You kill the goblin!
The goblin hits you with a +0 dagger. Robin throws the goblin at you!
You hit the goblin.
The goblin is heavily wounded.
The goblin hits you but does no damage. The goblin barely misses you.
You barely miss the goblin.
The goblin is heavily wounded.
The goblin hits you but does no damage. The goblin hits you with a +0 club.
The goblin barely misses you.
You completely miss the goblin.
The goblin is heavily wounded.
The goblin hits you with a +0 club.
* * * LOW HITPOINT WARNING * * *
The goblin closely misses you. The goblin hits you with a +0 club.
* * * LOW HITPOINT WARNING * * *
Unknown command.
It was a potion of flight.
You feel very buoyant.
You fly up into the air.
The goblin hits you with a +0 dagger.
You die...
Your body glows slightly and disappears.

##########
....ggg@.#
#########g#
#.......#.#
#.#.###.###.#
#######.#.........#
......#.#####.#####
.####.#.# #.# .#
#.#.# #†# .# #.#.#
#.#


You could see Robin and 3 goblins.

Vanquished Creatures
  2 adders (D:2)
  3 dart slugs (D:1)
  5 bats
  4 endoplasms (D:1)
  A giant cockroach (D:1)
  5 goblins
  2 hobgoblins
  3 jackals (D:2)
  3 kobolds
  11 ball pythons
  A frilled lizard (D:1)
  3 rats
43 creatures vanquished.

Notes
Turn   | Place    | Note
-------+----------+-------------------------------------------
     0 | D:1      | Feb132020 the Gargoyle Earth Elementalist began the quest
                  | for the Orb.
     0 | D:1      | Reached XP level 1. HP: 10/10 MP: 3/3
   272 | D:1      | Found a faded altar of an unknown god.
   294 | D:1      | Became a worshipper of Nemelex Xobeh the Trickster
   294 | D:1      | Reached * piety under Nemelex Xobeh
   352 | D:1      | Received a gift from Nemelex Xobeh
   375 | D:1      | Reached skill level 4 in Earth Magic
   382 | D:1      | Reached XP level 2. HP: 7/15 MP: 0/5
   593 | D:1      | Learned a level 2 spell: Passwall
   950 | D:1      | Received a gift from Nemelex Xobeh
  1170 | D:1      | Reached XP level 3. HP: 19/20 MP: 6/6
  1174 | D:1      | Learned a level 3 spell: Stone Arrow
  1482 | D:1      | Reached ** piety under Nemelex Xobeh
  1709 | D:1      | You fall into a shaft and drop 1 floor!
  1718 | D:2      | Received a gift from Nemelex Xobeh
  2039 | D:2      | Reached skill level 1 in Conjurations
  2039 | D:2      | Reached XP level 4. HP: 22/24 MP: 7/7
  2279 | D:1      | Reached skill level 1 in Fighting
  2555 | D:2      | Noticed Robin
  2559 | D:2      | Reached skill level 1 in Maces & Flails
  2563 | D:2      | HP: 1/25 [goblin/+0 club[Robin] (5)]
  2564 | D:2      | Slain by a goblin

Illustrated notes

Levels and vault maps discovered:
D:1:      lightli_arrival_lavapool, layout_basic,
          hellmonk_ecumenical_altar_pennies_from_heaven,
          minmay_misc_feat_pillars
D:2:      layout_basic, grunt_ministairs_14, uniq_jessica, uniq_robin

Skill      XL: |  1  2  3  4 |
---------------+-------------+-----
Earth Magic    | 4 |  4.4
Dodging        | 2 |  2.0
Conjurations   | 1 |  1.2
Fighting       | 1 |  1.0
Maces & Flails | 1 |  1.0
Stealth        | |  2.5
Spellcasting   | |  2.3
Transmutations | |  0.7

Action                   |  1- 3 |  4- 6 || total
-------------------------+-------+-------++-------
Melee: Club              |   109 |       ||   109
       Flail             |    32 |    21 ||    53
 Cast: Sandblast         |     7 |       ||     7
  Use: Potion            |       |     1 ||     1
 Stab: Sleeping          |     3 |     2 ||     5
Armor: Robe              |    59 |     6 ||    65
Dodge: Dodged            |   108 |    13 ||   121

Table legend: (Time is in decaauts)
 A = Elapsed time spent in this place.
 B = Non-inter-level travel time spent in this place.
 C = Inter-level travel time spent in this place.
 D = Time resting spent in this place.
 E = Time spent auto-exploring this place.
 F = Levels seen in this place.
 G = Mean time per level.
                   A        B        C        D        E       F      G
               +--------+--------+--------+--------+--------+-----+--------+
         Total |   2616 |   2593 |     23 |      0 |   2182 |   2 | 1308.0 |
       Dungeon |   2616 |   2593 |     23 |      0 |   2182 |   2 | 1308.0 |
               +--------+--------+--------+--------+--------+-----+--------+

Top non-repeatable levels by time:
     D:1: 2080 daAuts
     D:2: 536 daAuts
